 Dungeon Crawl Stone Soup version 0.23-a0-370-gf497b7c (webtiles) character file.

199622 nixmar the Warrior (level 18, -33/125 HPs)
             Began as a Gargoyle Fighter on Oct 23, 2018.
             Was the Champion of Makhleb.
             Annihilated by an Ice Fiend (50 damage)
             ... summoned by a deep elf demonologist
             ... led by an ironheart preserver
             ... on level 2 of the Vaults on Oct 24, 2018.
             The game lasted 02:06:58 (32419 turns).

nixmar the Warrior (Gargoyle Fighter)              Turns: 32419, Time: 02:06:59

Health: -33/125    AC: 47    Str: 34      XL:     18   Next: 48%
Magic:  25/25      EV:  6    Int: 13 (14) God:    Makhleb [******]
Gold:   686        SH: 21    Dex: 14      Spells: 14/17 levels left

rFire    + + .     SeeInvis +   q - +8 flail (protect)
rCold    . . .     Gourm    +   B - +0 large shield
rNeg     + + .     Faith    .   P - +0 chain mail of Hinydgh {*Slow rN+ Str+8 Slay+6}
rPois    ∞         Spirit   .   z - +2 helmet {Int+3}
rElec    +         Reflect  .   t - +2 cloak
rCorr    .         Harm     .   G - +0 pair of gloves
MR       +....     Rnd*Rage +   a - +0 pair of boots {Fly}
Stlth    ..........             K - amulet of the gourmand
HPRegen  0.30/turn              y - +2 ring of slaying
MPRegen  0.19/turn              O - ring "Zam Rast" {rF++ Dex+3 SInv}

@: singing, protection aura
A: big wings, iridescent scales 2, agile 1, berserk 1, deterioration 1, negative
energy resistance 1, screaming 1, electricity resistance, unbreathing,
petrification resistance, no potion heal 1, rot immunity, AC +13
}: 1/15 runes: gossamer
a: Fly, Minor Destruction, Lesser Servant of Makhleb, Major Destruction, Greater
Servant of Makhleb, Renounce Religion, Evoke Flight


You were on level 2 of the Vaults.
You worshipped Makhleb.
Makhleb was exalted by your worship.
You were very full.

You visited 7 branches of the dungeon, and saw 29 of its levels.

You collected 3202 gold pieces.
You spent 2516 gold pieces at shops.

Inventory:

Hand Weapons
 q - a +8 flail of protection (weapon)
 Q - a +2 morningstar of crushing
Missiles
 Z - 2 throwing nets (quivered) {!d , @Q1}
Armour
 a - a +0 pair of boots of flying (worn)
 c - a +1 shield
 l - the +2 ring mail of Ragicol {Int+5, unknown}
   (You found it on level 1 of the Vaults)

   It affects your intelligence (+5).
 t - a +2 cloak (worn)
 z - a +2 helmet of intelligence (worn)
 B - a +0 large shield (worn)
 G - a +0 pair of gloves (worn)
 H - a scarf of cloud immunity
 P - the +0 chain mail of Hinydgh (worn) {*Slow rN+ Str+8 Slay+6}
   (You found it on level 11 of the Dungeon)

   It affects your strength (+8).
   It affects your accuracy and damage with ranged weapons and melee attacks
   (+6).
   It protects you from negative energy.
   It may slow you when you take damage.
Jewellery
 y - a +2 ring of slaying (left hand)
 K - an amulet of the gourmand (around neck)
 O - the ring "Zam Rast" (right hand) {rF++ Dex+3 SInv}
   (You found it on level 11 of the Dungeon)

   [ring of dexterity]

   It affects your dexterity (+3).
   It greatly protects you from fire.
   It lets you see invisible.
Wands
 h - a wand of flame (87) {@v6}
 o - a wand of digging (11) {@v1}
 C - a wand of paralysis (27) {@v7}
 D - a wand of iceblast (2) {@v4}
 I - a wand of clouds (6) {@v3}
Scrolls
 b - 2 scrolls of holy word
 f - 3 scrolls of teleportation {!r, @r2}
 j - 8 scrolls of magic mapping
 m - 6 scrolls of remove curse {@r3}
 r - 4 scrolls of fog
 v - 2 scrolls of vulnerability
 x - 4 scrolls of enchant armour
 R - 11 scrolls of identify {@r1}
Potions
 d - 3 potions of might {@q4}
 g - 3 potions of brilliance
 i - a potion of ambrosia
 k - 8 potions of curing {@q1}
 s - 4 potions of agility {@q5}
 u - 2 potions of haste {@q3,}
 A - 8 potions of flight
 F - 2 potions of invisibility
 J - a potion of resistance {@q6}
Miscellaneous
 n - a lamp of fire
 M - a lightning rod (4/4)
 N - 2 phantom mirrors
Comestibles
 e - 37 rations


   Skills:
 + Level 18.0 Fighting
 - Level 17.5 Maces & Flails
 + Level 12.0 Armour
 + Level 12.1 Shields
 - Level 12.2 Charms
 * Level 9.5 Invocations


You had 14 spell levels left.
You knew the following spells:

 Your Spells              Type           Power        Failure   Level  Hunger
a - Song of Slaying       Chrm           ####....     4%          2    ###....
b - Infusion              Chrm           ####         3%          1    ##.....

Your spell library contained the following spells:

 Spells                   Type           Power        Failure   Level  Hunger
 Shroud of Golubria       Chrm/Tloc      ###.......   54%         2    ###....
 Regeneration             Chrm/Necr      ###.......   77%         3    ####...
 Spectral Weapon          Hex/Chrm       ###.....     77%         3    ####...
 Animate Skeleton         Necr           N/A          99%         1    ##.....
 Apportation              Tloc           #.....       99%         1    ##.....
 Confusing Touch          Hex            #.....       99%         1    ##.....
 Corona                   Hex            #......      99%         1    ##.....
 Summon Butterflies       Summ           #.......     99%         1    ##.....
 Corpse Rot               Necr           N/A          100%        2    ###....
 Ensorcelled Hibernation  Hex/Ice        #.....       100%        2    ###....
 Slow                     Hex            #.......     100%        2    ###....
 Confuse                  Hex            #.......     100%        3    ####...
 Dazzling Spray           Conj/Hex       #.....       100%        3    ####...
 Gell's Gravitas          Tloc           #.........   100%        3    ####...
 Inner Flame              Hex/Fire       #.......     100%        3    ####...
 Lesser Beckoning         Tloc           #.........   100%        3    ####...
 Portal Projectile        Hex/Tloc       #.....       100%        3    ####...
 Tukima's Dance           Hex            #.......     100%        3    ####...
 Cause Fear               Hex            #.........   100%        4    #####..
 Leda's Liquefaction      Hex/Erth       #.........   100%        4    #####..
 Petrify                  Tmut/Erth      #.......     100%        4    #####..
 Summon Lightning Spire   Summ/Air       #.......     100%        4    #####..
 Agony                    Necr           #.......     100%        5    ######.
 Alistair's Intoxication  Tmut/Pois      #.......     100%        5    ######.
 Borgnjor's Vile Clutch   Necr/Erth      #.........   100%        5    ######.
 Metabolic Englaciation   Hex/Ice        #.........   100%        5    ######.
 Silence                  Hex/Air        #.........   100%        5    ######.
 Yara's Violent Unravell  Hex/Tmut       #.........   100%        5    ######.
 Conjure Ball Lightning   Conj/Air       #.........   100%        6    #######
 Deflect Missiles         Chrm/Air       ###.......   100%        6    #######
 Invisibility             Hex            #.......     100%        6    #######
 Summon Hydra             Summ           #.........   100%        7    #######
 Dragon's Call            Summ           #.........   100%        9    #######
 Tornado                  Air            #.........   100%        9    #######


Dungeon Overview and Level Annotations

Branches:
Dungeon (13/15)            Temple (0/1) D:7            Lair (6/6) D:9
 Shoals (1/4) Lair:3       Spider (4/4) Lair:2        Slime (1/5) Lair:5
    Orc (2/2) D:9             Elf (0/3) Orc:2        Vaults (2/5) D:13
  Crypt: Vaults:2-3

Altars:
Elyvilon
Fedhas
Gozag
Makhleb
Nemelex Xobeh
Ru
Sif Muna
Trog
Xom
Zin
Beogh

Shops:
D:4 !([   D:12 (   Orc:1 (   Orc:2 ?[::   Vaults:1 *

Annotations:
Lair:4 Sonja


Innate Abilities, Weirdness & Mutations

You are resistant to torment.
Your stone body is resilient. (AC +13)
You are immune to poison.
Your large and strong wings let you fly indefinitely.
You resist negative energy. (rN+)
You are resistant to electric shocks. (rElec)
You can survive without breathing.
You are immune to petrification.
You are immune to rotting.
You are mostly covered in iridescent scales. (AC +4)
You are agile. (Dex +2)
You tend to lose your temper in combat.
Your body sometimes deteriorates upon taking damage.
You occasionally shout uncontrollably at your foes.
Potions are less effective at restoring your health.


Message History

* * * LOW HITPOINT WARNING * * *
Your body deteriorates!
You feel dopey.
The Ice Fiend claws you but does no damage.
The blizzard demon hits you but does no damage. x2
Okay, then.
Okay, then.
Okay, then.
You flatten the deep elf knight like a pancake!!!
You kill the deep elf knight!
Makhleb accepts your kill.
You feel better.
The blizzard demon hits you but does no damage.
You block the blizzard demon's attack.
You block the deep elf demonologist's attack.
The deep elf mage barely misses you.
An orc knight comes into view. It is wielding a +3 war axe.
You block the Ice Fiend's attack. The Ice Fiend claws you!
* * * LOW HITPOINT WARNING * * *
The Ice Fiend freezes you!!!
You die...

##.# .(.# )o
#'############ ...
.....'...#...########''#
.....#..8#8..(..........
.....#...'...#.....*....
.....#.†.'...#.2........
.....#...'...#.(ee....!.
.....#...'...#..@)...>..
######..8#8..#.221..$...
#...#...#..e.......
##+######...((.....
###########


You could see an Ice Fiend, an orc knight, 2 blizzard demons, a deep elf
demonologist, a deep elf archer, a deep elf mage, a hellion and a battlesphere.

Vanquished Creatures
  A deep elf sorcerer (Vaults:1)
  3 ghost moths (Spider:4)
  An orc warlord (Orc:1)
  4 emperor scorpions
  3 entropy weavers
  2 stone giants
  3 ironheart preservers
  Nessos (Lair:6)
  Azrael (Orc:2)
  A dire elephant (Lair:6)
  An eidolon (Vaults:2)
  A deep elf death mage (Vaults:1)
  A fire dragon (shapeshifter) (Vaults:1)
  2 fire dragons
  Josephine (Orc:2)
  2 great orbs of eyes
  An ice dragon (Vaults:2)
  7 vault guards (D:13)
  4 hydras
  2 death knights
  4 centaur warriors
  A queen ant (Spider:1)
  21 two-headed ogres
  The ghost of Ghost621 the Peltast, a novice MiFi of the Shining One (D:11)
  3 deep troll shamans (Vaults:1)
  7 death yaks (Lair:6)
  4 ogre magi (Vaults:1)
  A deep troll earth mage (Vaults:1)
  4 deep elf knights
  A flayed ghost (Vaults:1)
  A glowing orange brain (Vaults:1)
  4 deep trolls (Vaults:1)
  A phantasmal warrior (Vaults:1)
  An ironbrand convoker (Vaults:1)
  5 deep elf magi
  5 lindwurms
  14 orb spiders
  5 orc knights
  25 wolf spiders
  2 orc sorcerers
  12 ugly things
  2 manticores
  A shining eye (Slime:1)
  5 cyclopes
  2 centaur zombies (D:11)
  Psyche (D:10)
  Maurice (D:8)
  18 elephants
  2 moths of wrath
  A gargoyle (D:13)
  4 black mambas (Lair:6)
  6 torpor snails (Lair:6)
  An eye of devastation (Slime:1)
  A vault sentinel (Vaults:1)
  12 spiny frogs
  13 demonic crawlers
  2 kobold demonologists (D:10)
  2 rime drakes (Lair:6)
  12 komodo dragons
  A freezing wraith (Vaults:2)
  A queen bee (Lair:2)
  6 polar bears
  2 yaktaurs (Vaults:1)
  6 trolls
  28 jumping spiders
  7 tyrant leeches
  14 hornets
  22 dream sheep
  3 slime creatures (Lair:5)
  The ghost of Ratty the Reanimator, an amateur DsNe (D:4)
  A raiju (shapeshifter) (Vaults:1)
  13 blink frogs
  12 hippogriffs
  29 tarantellas
  5 wraiths
  3 vampires
  77 redbacks
  4 wyverns
  A hog (D:12)
  23 yaks
  7 fire elementals (Orc:2)
  4 hungry ghosts
  4 basilisks (Lair:6)
  A yaktaur simulacrum (Vaults:1)
  9 vampire mosquitoes
  21 soldier ants
  Edmund (D:6)
  2 wargs (Orc:1)
  A hell hound (Orc:2)
  11 water moccasins
  37 orc warriors
  4 porcupines
  9 black bears
  5 ice beasts
  4 sky beasts
  A black bear (shapeshifter) (Vaults:1)
  2 phantoms
  5 boggarts (Vaults:1)
  26 ogres
  21 wolves
  14 centaurs
  14 crocodiles
  4 big kobolds
  16 bullfrogs
  4 earth elementals (Spider:3)
  2 wyvern zombies
  A human simulacrum (Vaults:1)
  A wyvern skeleton (D:9)
  4 scorpions
  27 killer bees
  4 howler monkeys
  7 wights
  2 electric eels
  6 crimson imps
  4 bullfrog zombies
  A quasit (D:10)
  5 jellies
  6 hounds
  15 orc priests
  21 orc wizards
  2 bullfrog skeletons
  Jessica (D:3)
  4 centaur skeletons
  25 worker ants
  3 hound skeletons
  A howler monkey skeleton (D:11)
  2 worker ant zombies
  9 adders
  A gnoll (D:11)
  A shadow imp (D:13)
  3 white imps (D:11)
  3 ufetubi
  2 oozes
  3 worms
  An adder skeleton (D:4)
  4 dart slugs
  6 leopard geckos
  74 orcs
  A ball python (D:4)
  4 giant cockroaches
  6 hobgoblins
  18 jackals
  4 quokkas
  6 bats
  5 frilled lizards
  3 goblins
  20 kobolds
  A leopard gecko skeleton (D:6)
  A leopard gecko zombie (D:5)
  A quokka skeleton (D:6)
  6 rats
  A bush (D:10)
  A plant (Lair:6)
  3 tentacles (Shoals:1)
1068 creatures vanquished.

Vanquished Creatures (collateral kills)
  An emperor scorpion (Spider:1)
  An ironheart preserver (Vaults:1)
  An entropy weaver (Spider:1)
  A yaktaur captain (Vaults:1)
  A deep elf knight (Vaults:1)
  An orb spider (Spider:1)
  5 deep elf magi (Vaults:1)
  2 ugly things (Vaults:1)
  A yaktaur (Vaults:1)
  A wraith (Vaults:1)
  4 soldier ants (Spider:1)
  3 ogres (Vaults:1)
  A worker ant (Spider:1)
23 creatures vanquished.

Vanquished Creatures (others)
  An orb spider (Spider:4)
  An orc wizard (Orc:1)
  A bush (Lair:1)
  23 fungi
  18 plants
  6 tentacles (Shoals:1)
50 creatures vanquished.

Grand Total: 1141 creatures vanquished

Notes
Turn   | Place    | Note
-------+----------+-------------------------------------------
     0 | D:1      | nixmar the Gargoyle Fighter began the quest for the Orb.
     0 | D:1      | Reached XP level 1. HP: 14/14 MP: 1/1
   245 | D:1      | Reached XP level 2. HP: 19/19 MP: 2/2
   542 | D:1      | Reached XP level 3. HP: 16/24 MP: 3/3
  1352 | D:2      | Reached skill level 4 in Fighting
  1445 | D:2      | Reached XP level 4. HP: 29/29 MP: 4/4
  2549 | D:3      | Noticed Jessica
  2562 | D:3      | Killed Jessica
  2620 | D:3      | Reached XP level 5. HP: 33/33 MP: 5/5
  2987 | D:4      | Noticed an ogre
  3354 | D:3      | Killed an ogre
  3432 | D:4      | Reached XP level 6. HP: 40/40 MP: 6/6
  3456 | D:4      | Found Niwolyf's Weapon Emporium.
  3503 | D:4      | Found Vizeapho's Distillery.
  3555 | D:4      | Reached skill level 5 in Fighting
  3889 | D:4      | Found a runed gate.
  3889 | D:4      | Found a runed gate.
  3889 | D:4      | Found a runed gate.
  3889 | D:4      | Noticed Ratty's ghost (amateur DsNe)
  3918 | D:4      | Killed Ratty's ghost
  3918 | D:4      | Reached skill level 5 in Maces & Flails
  3918 | D:4      | Reached XP level 7. HP: 40/44 MP: 7/7
  3962 | D:4      | Found Vekerer's Antique Armour Shoppe.
  4016 | D:5      | Entered Level 5 of the Dungeon
  4035 | D:5      | Found a white marble altar of Elyvilon.
  4035 | D:5      | Found a glowing silver altar of Zin.
  4373 | D:5      | Reached skill level 5 in Armour
  4373 | D:5      | Reached skill level 5 in Shields
  4629 | D:5      | Found a transporter.
  4858 | D:5      | Found a transporter.
  4903 | D:5      | Reached XP level 8. HP: 50/51 MP: 8/8
  4914 | D:5      | Found a bloodstained altar of Trog.
  5424 | D:6      | Reached skill level 6 in Fighting
  5936 | D:6      | Noticed Edmund
  5954 | D:6      | Killed Edmund
  6085 | D:6      | Found a burning altar of Makhleb.
  6095 | D:6      | Became a worshipper of Makhleb the Destroyer
  6852 | D:7      | Reached XP level 9. HP: 48/56 MP: 9/9
  7249 | D:7      | Found a staircase to the Ecumenical Temple.
  7254 | D:7      | Reached skill level 7 in Fighting
  7789 | D:8      | Noticed Maurice
  8046 | D:8      | Killed Maurice
  8068 | D:8      | Noticed a two-headed ogre
  8298 | D:8      | Killed a two-headed ogre
  8298 | D:8      | Reached skill level 8 in Fighting
  8298 | D:8      | Reached skill level 10 in Maces & Flails
  8298 | D:8      | Reached XP level 10. HP: 47/65 MP: 10/10
  8600 | D:8      | Found an opulent altar of Gozag.
  8759 | D:8      | Found a shimmering altar of Xom.
  8930 | D:9      | Found a staircase to the Lair.
  9201 | D:9      | Found a staircase to the Orcish Mines.
  9268 | D:9      | Reached skill level 9 in Fighting
  9291 | D:9      | Reached * piety under Makhleb
  9358 | D:9      | Got a faintly glowing leather armour
  9777 | D:9      | Identified the cursed +1 leather armour of Kikubaaqudgha's
                  | Scorn {rF+ rCorr MP+9} (You found it on level 9 of the
                  | Dungeon)
  9790 | D:10     | Entered Level 10 of the Dungeon
  9973 | D:10     | Noticed a two-headed ogre
  9977 | D:10     | Killed a two-headed ogre
 10037 | D:10     | Noticed a cyan ugly thing
 10037 | D:10     | Noticed Psyche
 10048 | D:10     | Killed a cyan ugly thing
 10052 | D:10     | Killed Psyche
 10052 | D:10     | Reached skill level 10 in Fighting
 10080 | D:10     | Reached XP level 11. HP: 72/72 MP: 11/11
 10101 | D:10     | Reached ** piety under Makhleb
 10291 | D:10     | Noticed a two-headed ogre
 10314 | D:9      | Killed a two-headed ogre
 10523 | D:10     | Found a blossoming altar of Fedhas.
 10701 | D:11     | Noticed a sixfirhy
 10894 | D:11     | Noticed a cyclops
 10894 | D:11     | Noticed a deep elf mage
 11213 | D:11     | Killed a cyclops
 11216 | D:11     | Killed a deep elf mage
 11236 | D:11     | Noticed a five-headed hydra
 11245 | D:11     | Killed a five-headed hydra
 11245 | D:11     | Reached skill level 11 in Fighting
 11302 | Lair:1   | Entered Level 1 of the Lair of Beasts
 11337 | Lair:1   | Reached *** piety under Makhleb
 11353 | Lair:1   | Noticed a six-headed hydra
 11371 | Lair:1   | Killed a six-headed hydra
 11832 | Lair:1   | Reached XP level 12. HP: 76/80 MP: 12/12
 12365 | Lair:1   | Reached skill level 12 in Fighting
 12385 | Lair:1   | Upgraded the game from 0.23-a0-359-g9beedce to
                  | 0.23-a0-370-gf497b7c
 12589 | Lair:2   | Reached **** piety under Makhleb
 12611 | Lair:2   | Reached skill level 15 in Maces & Flails
 13272 | Lair:2   | Reached skill level 13 in Fighting
 13285 | Lair:2   | Reached XP level 13. HP: 87/88 MP: 13/13
 13535 | Lair:2   | Found a hole to the Spider Nest.
 14255 | Lair:3   | Found a staircase to the Shoals.
 14312 | Lair:4   | Found a sparkling altar of Nemelex Xobeh.
 14350 | Lair:4   | Reached ***** piety under Makhleb
 14407 | Lair:4   | Noticed Sonja
 15462 | Lair:4   | You fall through a shaft for 2 floors!
 15462 | Lair:6   | Entered Level 6 of the Lair of Beasts
 15676 | Lair:5   | Found a staircase to the Slime Pits.
 16517 | Lair:6   | Reached skill level 14 in Fighting
 16585 | Lair:6   | Gained mutation: Your large and strong wings let you fly
                  | indefinitely. [Gargoyle growth]
 16585 | Lair:6   | Reached XP level 14. HP: 96/96 MP: 14/14
 16759 | Lair:6   | Noticed Nessos
 16800 | Lair:6   | Killed Nessos
 17271 | Lair:6   | Noticed a dire elephant
 17296 | Lair:6   | Killed a dire elephant
 17364 | Lair:6   | Reached skill level 15 in Fighting
 17709 | Lair:6   | Found a runed door.
 17838 | Lair:6   | Reached ****** piety under Makhleb
 18477 | D:11     | Got a faintly glowing turquoise ring
 18485 | D:11     | Got a coiled ivory ring
 18501 | D:11     | Reached skill level 1 in Invocations
 18504 | D:11     | Reached XP level 15. HP: 103/103 MP: 15/15
 18650 | D:11     | Found a runed door.
 18652 | D:11     | Noticed Ghost621's ghost (novice MiFi)
 18683 | D:11     | Killed Ghost621's ghost
 18694 | D:11     | Got a fine chain mail
 18899 | D:11     | Reached skill level 10 in Shields
 18978 | D:11     | Reached skill level 10 in Armour
 19273 | D:11     | Identified the cursed +0 chain mail of Hinydgh {*Slow rN+
                  | Str+8 Slay+6} (You found it on level 11 of the Dungeon)
 19275 | D:11     | Identified the ring "Zam Rast" {rF++ Dex+3 SInv} (You found
                  | it on level 11 of the Dungeon)
 19277 | D:11     | Identified the cursed ring "Angeczox" {rPois Str-2 Int-3
                  | Dex+7} (You found it on level 11 of the Dungeon)
 19657 | Orc:1    | Entered Level 1 of the Orcish Mines
 19839 | Orc:1    | Noticed an orc warlord
 19856 | Orc:1    | Killed an orc warlord
 19865 | Orc:1    | Reached skill level 16 in Fighting
 19890 | Orc:1    | Found Dicehow's Weapon Shoppe.
 20053 | Orc:2    | Entered Level 2 of the Orcish Mines
 20192 | Orc:2    | Noticed Josephine
 20194 | Orc:2    | Noticed Azrael
 20234 | Orc:2    | Killed Josephine
 20268 | Orc:2    | Killed Azrael
 20742 | Orc:2    | Found Ogisiphu's Antique Armour Emporium.
 20742 | Orc:2    | Found Lugimp's Book Shop.
 20744 | Orc:2    | Found Jesteen's Book Boutique.
 20746 | Orc:2    | Found Miusejoq's Magic Scroll Shoppe.
 20752 | Orc:2    | Bought a scroll of enchant weapon for 75 gold pieces
 20760 | Orc:2    | Bought a runed helmet for 187 gold pieces
 20773 | Orc:2    | Bought a scroll of magic mapping for 35 gold pieces
 20773 | Orc:2    | Bought a scroll of magic mapping for 35 gold pieces
 20773 | Orc:2    | Bought 3 scrolls of enchant armour for 225 gold pieces
 20773 | Orc:2    | Bought a scroll of identify for 20 gold pieces
 20773 | Orc:2    | Bought a scroll of identify for 20 gold pieces
 20773 | Orc:2    | Bought a scroll of identify for 20 gold pieces
 21137 | Orc:2    | Found a deep blue altar of Sif Muna.
 21168 | Orc:2    | Found a staircase to the Elven Halls.
 21171 | Orc:2    | Found a roughly hewn altar of Beogh.
 21387 | Orc:2    | Bought the Papyrus of Creative Aid for 937 gold pieces
 21390 | Orc:2    | Learned a level 2 spell: Song of Slaying
 21642 | D:12     | Found a huge runed gate.
 21643 | D:12     | Found a huge runed gate.
 21643 | D:12     | Found a huge runed gate.
 21643 | D:12     | Found a huge runed gate.
 21719 | D:12     | Reached skill level 1 in Charms
 21898 | D:12     | Found Jeali's Weapon Boutique.
 22606 | D:13     | Reached XP level 16. HP: 111/111 MP: 19/19
 22623 | D:13     | Found a sacrificial altar of Ru.
 22703 | D:13     | Found a gate to the Vaults.
 22964 | D:11     | Reached skill level 5 in Charms
 23091 | Shoals:1 | Entered Level 1 of the Shoals
 23094 | Shoals:1 | Noticed a kraken
 23457 | Spider:1 | Entered Level 1 of the Spider Nest
 23594 | Spider:1 | Gained mutation: You are frail. (-10% HP) [a cacodemon]
 24267 | Spider:1 | Learned a level 1 spell: Infusion
 24908 | Spider:2 | Reached skill level 5 in Invocations
 25277 | Spider:2 | Reached skill level 17 in Fighting
 26393 | Spider:4 | Entered Level 4 of the Spider Nest
 26560 | Spider:4 | Reached XP level 17. HP: 75/106 MP: 14/21
 27995 | Spider:4 | Reached skill level 18 in Fighting
 28543 | Spider:4 | Got a gossamer rune of Zot
 28919 | Slime:1  | Entered Level 1 of the Pits of Slime
 28927 | Slime:1  | Gained mutation: You possess an exceptional clarity of
                  | mind. [a shining eye]
 28935 | Slime:1  | Noticed an acid blob
 28984 | Slime:1  | Gained mutation: Your body sometimes deteriorates upon
                  | taking damage. [a shining eye]
 28989 | Slime:1  | Gained mutation: You are occasionally teleported next to
                  | monsters. [a shining eye]
 29005 | Slime:1  | Gained mutation: You occasionally shout uncontrollably at
                  | your foes. [a shining eye]
 29006 | Slime:1  | Gained mutation: Potions are less effective at restoring
                  | your health. [a shining eye]
 29010 | Slime:1  | Gained mutation: You are weak. (Str -2) [a shining eye]
 29011 | Slime:1  | Gained mutation: Scrolls take you a little longer to read.
                  | [a shining eye]
 29013 | Slime:1  | Gained mutation: Your body often deteriorates upon taking
                  | damage. [a shining eye]
 29017 | Slime:1  | Lost mutation: You possess an exceptional clarity of mind.
                  | [a shining eye]
 29470 | Vaults:1 | Entered Level 1 of the Vaults
 29668 | Vaults:1 | Reached skill level 10 in Charms
 30297 | Vaults:1 | Lost mutation: You are frail. (-10% HP) [potion of
                  | mutation]
 30297 | Vaults:1 | Lost mutation: Scrolls take you a little longer to read.
                  | [potion of mutation]
 30297 | Vaults:1 | Gained mutation: You are partially covered in iridescent
                  | scales. (AC +2) [potion of mutation]
 30297 | Vaults:1 | Gained mutation: You are mostly covered in iridescent
                  | scales. (AC +4) [potion of mutation]
 30297 | Vaults:1 | Lost mutation: You are weak. (Str -2) [potion of mutation]
 30320 | Vaults:1 | Reached XP level 18. HP: 92/125 MP: 13/23
 30416 | Vaults:1 | Found Una Guli's Assorted Antiques.
 30424 | Vaults:1 | Bought a golden ring for 170 gold pieces
 30424 | Vaults:1 | Bought a blackened peridot amulet for 170 gold pieces
 30424 | Vaults:1 | Bought a black book for 510 gold pieces
 31033 | D:4      | Bought a potion of mutation for 112 gold pieces
 31033 | D:4      | Lost mutation: You are occasionally teleported next to
                  | monsters. [potion of mutation]
 31033 | D:4      | Lost mutation: Your body often deteriorates upon taking
                  | damage. [potion of mutation]
 31033 | D:4      | Gained mutation: You tend to lose your temper in combat.
                  | [potion of mutation]
 31033 | D:4      | Gained mutation: You are agile. (Dex +2) [potion of
                  | mutation]
 31838 | Vaults:1 | Got a scorched ring mail
 32408 | Vaults:2 | Noticed an Ice Fiend
 32419 | Vaults:2 | Annihilated by an Ice Fiend

Vault maps used:
D:1:      dpeg_arrival_fog
D:3:      kennysheep_minor_cross, uniq_jessica
D:4:      serial_shops, shop, shop, shop_fountains, ebering_ghost_rock_garden,
          first_ration, kennysheep_generic_room_9
D:5:      gammafunk_wand_slinger, kennysheep_mini_moat,
          amethyst_overflow_temple_binary, minmay_misc_feat_enclosed
D:6:      wad_crossroads, makhleb_heckhound_becter, uniq_edmund
D:7:      minmay_temple_entry_nine_rooms
D:8:      marbit_many_paths, nicolae_gozag_seed_capital, uniq_maurice
D:9:      dpeg_oklobed_lair, david_orc_3, blue_anna_alchemist
D:10:     fedhas_bush_and_centaur_altar, uniq_psyche
D:11:     minmay_the_grid_octo_tiled_squarecenter_mashed,
          ebering_ghost_inner_flame, serial_ice, serial_ice_d, serial_ice_o,
          serial_ice_g, serial_ice_a, portal_ice_cave_entry_pillars_1
D:12:     lemuel_bear_cage, serial_shops, nicolae_shop_crystal
D:13:     erik_vaults_2, basic_altar
Lair:1:   grunt_megastairs_5
Lair:2:   nicolae_spider_entry_tight_spaces, special_room, st_stairs_11,
          beast_lair_carwin_1, lemuel_fruit_tree
Lair:3:   elwin_shoals_entry_rooms, chequers_serial_rivers_micro_c,
          chequers_serial_rivers_micro_a
Lair:4:   basic_altar, uniq_sonja
Lair:5:   minmay_slime_entry_pillars
Lair:6:   hangedman_lair_in_review, wormcave, st_stairs_8, uniq_nessos
Spider:1: minivault_29
Spider:3: hangedman_stitches_earthworm, nicolae_spider_cling_halls
Spider:4: spider_rune_water, nicolae_spider_webbed_stairs
Orc:1:    serial_shops, shop
Orc:2:    st_orc_rangers, basic_altar, led_sif_book, uniq_josephine, uniq_azrael
Vaults:1: v_misc_3, nicolae_vaults_network_star, v_misc_1, v_rooms_2,
          v_alt_pattern_1, nicolae_vaults_little_squares_1, v_misc_13,
          vaults_room_hallway, serial_shops, shop_statue
Vaults:2: minmay_crypt_entry_simple_walls, v_misc_24,
          hangedman_vaults_variations, vaults_dpeg_ring,
          ontoclasm_vaults_gateway, vaults_mumra_chevron,
          nicolae_vaults_inception_corners, v_misc_14, v_misc_28,
          nicolae_vaults_asterisk

Skill      XL: |  1  2  3  4  5  6  7  8  9 10 11 12 13 14 15 16 17 18 |
---------------+-------------------------------------------------------+-----
Fighting       | 4 5 6 8 10 11 13 14 15 16 17 18 | 18.0
Maces & Flails | 3 5 7 10 12 13 15 16 17 | 17.5
Armour         | 4 5 6 8 9 10 11 12 | 12.0
Shields        | 4 5 6 8 9 10 11 12 | 12.1
Invocations    | 1 4 6 7 9 |  9.5
Charms         | 4 7 11 12 | 12.2

Action                   |  1- 3 |  4- 6 |  7- 9 | 10-12 | 13-15 | 16-18 || total
-------------------------+-------+-------+-------+-------+-------+-------++-------
Melee: Flail             |   126 |   220 |   415 |   835 |  1639 |  1329 ||  4564
 Cast: Song of Slaying   |       |       |       |       |       |    63 ||    63
       Infusion          |       |       |       |       |       |    44 ||    44
Invok: Greater Servant o |       |       |       |       |       |    13 ||    13
       Major Destruction |       |       |       |       |       |    14 ||    14
 Abil: Stop Flying       |       |       |       |       |       |     3 ||     3
       Fly               |       |       |       |       |       |     2 ||     2
Evoke: Wand              |       |       |    15 |    45 |    16 |     1 ||    77
       Lightning rod     |       |       |       |     4 |     6 |       ||    10
       Lamp of fire      |       |       |       |     1 |     2 |       ||     3
  Use: Scroll            |     4 |     4 |     7 |     4 |    16 |    13 ||    48
       Potion            |       |     4 |     2 |     3 |       |     7 ||    16
 Stab: Confused          |       |       |       |       |     3 |       ||     3
       Distracted        |       |       |       |       |       |     4 ||     4
       Held in net/web   |       |       |       |       |       |     1 ||     1
  Eat: Chunk             |     2 |     5 |    10 |     9 |    43 |    41 ||   110
       Ration            |       |     1 |     2 |     4 |     3 |       ||    10
Armor: Scale mail        |    67 |   154 |   112 |       |       |       ||   333
       Chain mail        |       |       |    93 |   509 |   884 |  1232 ||  2718
Dodge: Dodged            |    41 |    88 |   112 |   169 |   368 |   400 ||  1178
Block: Shield            |    71 |   145 |   250 |   438 |   984 |   729 ||  2617
       Large shield      |       |       |       |       |       |   573 ||   573

Table legend:
 A = Non-vault XP
 B = Vault XP
 C = Vault XP percentage of total XP
 D = Non-vault monster count
 E = Vault monster count
 F = Vault count percentage of total count
                 A         B        C        D         E       F
            +---------+---------+-------+---------+---------+-------
      Total |  164031 |  115025 |  41.2 |     733 |     355 |  32.6
            +---------+---------+-------+---------+---------+-------
        D:1 |      42 |       0 |   0.0 |      22 |       0 |   0.0
        D:2 |      60 |       0 |   0.0 |      14 |       0 |   0.0
        D:3 |     149 |      37 |  19.9 |      18 |       1 |   5.3
        D:4 |     255 |     255 |  50.0 |      17 |       1 |   5.6
        D:5 |     503 |       0 |   0.0 |      10 |       0 |   0.0
        D:6 |     648 |     203 |  23.9 |      23 |       3 |  11.5
        D:7 |     647 |       0 |   0.0 |      17 |       0 |   0.0
        D:8 |    1686 |     462 |  21.5 |      25 |       1 |   3.8
        D:9 |    2240 |     679 |  23.3 |      26 |      11 |  29.7
       D:10 |    2935 |    1504 |  33.9 |      26 |       6 |  18.8
       D:11 |    3482 |   10125 |  74.4 |      25 |      32 |  56.1
       D:12 |    4309 |    2984 |  40.9 |      37 |      18 |  32.7
       D:13 |    2831 |    6932 |  71.0 |      20 |       7 |  25.9
     Lair:1 |    6216 |     744 |  10.7 |      29 |       2 |   6.5
     Lair:2 |    5490 |    5733 |  51.1 |      18 |      35 |  66.0
     Lair:3 |     641 |       0 |   0.0 |       6 |       0 |   0.0
     Lair:4 |    5348 |       0 |   0.0 |      23 |       0 |   0.0
     Lair:5 |    4012 |     566 |  12.4 |      15 |       3 |  16.7
     Lair:6 |   20571 |   19027 |  48.1 |      67 |      41 |  38.0
   Shoals:1 |     243 |       0 |   0.0 |       1 |       0 |   0.0
   Spider:1 |   11891 |    6855 |  36.6 |      39 |      44 |  53.0
   Spider:2 |   13627 |     146 |   1.1 |      41 |       1 |   2.4
   Spider:3 |   11850 |    4351 |  26.9 |      33 |      13 |  28.3
   Spider:4 |   13528 |   22328 |  62.3 |      40 |      43 |  51.8
    Slime:1 |    1980 |       0 |   0.0 |       3 |       0 |   0.0
      Orc:1 |    4628 |       0 |   0.0 |      38 |       0 |   0.0
      Orc:2 |    3650 |   10512 |  74.2 |      34 |      53 |  60.9
   Vaults:1 |   29693 |   18777 |  38.7 |      50 |      34 |  40.5
   Vaults:2 |   10876 |    2805 |  20.5 |      16 |       6 |  27.3
            +---------+---------+-------+---------+---------+-------
